 Dungeon Crawl Stone Soup version 0.27.0-1-g7a089689b8 (webtiles) character file.

Game seed: 15963387755279366889

61 Kinoniko the Chopper (level 3, -10/43 HPs)
             Began as a Demonspawn Berserker on Aug 6, 2021.
             Was a Believer of Trog.
             Mangled by an ogre (34 damage)
             ... on level 2 of the Dungeon.
             The game lasted 00:01:31 (1634 turns).

Kinoniko the Chopper (Demonspawn Berserker)         Turns: 1634, Time: 00:01:32

Health: -10/43     AC:  4    Str: 18    XL:     3   Next: 83%
Magic:  3/3        EV: 16    Int:  8    God:    Trog [**....]
Gold:   30         SH:  0    Dex: 12    Spells: 2/2 levels left

rFire    . . .     SeeInvis .   a - +0 hand axe
rCold    . . .     Faith    .   (no shield)
rNeg     . . .     Spirit   .   b - +0 animal skin
rPois    .         Reflect  .   c - +0 helmet
rElec    .         Harm     .   (no cloak)
rCorr    .         Rampage  .   l - +0 pair of gloves
Will     .....                  (no boots)
Stlth    ..........             (no amulet)
HPRegen  0.14/turn              f - +4 ring of evasion
MPRegen  0.08/turn              (no ring)

@: berserking, very quick
A: powered by pain 1
a: Renounce Religion, Berserk, Trog's Hand


You were on level 2 of the Dungeon.
You worshipped Trog.
Trog was pleased with you.
You visited 1 branch of the dungeon, and saw 2 of its levels.

You collected 30 gold pieces.

Inventory:

Hand Weapons
 a - a +0 hand axe (weapon)
 g - a +2 vampiric whip
Armour
 b - a +0 animal skin (worn)
 c - a +0 helmet (worn)
 l - a +0 pair of gloves (worn)
Jewellery
 f - a +4 ring of evasion (left hand)
 o - a ring of fire
Scrolls
 h - 2 scrolls of teleportation {unknown}
 i - a scroll of holy word {unknown}
 j - 2 scrolls of identify {unknown}
 k - a scroll of noise {unknown}
Potions
 d - 2 potions of ambrosia {unknown}
 e - a potion of curing {unknown}
 m - a potion of cancellation {unknown}
 n - a potion of might
 p - a potion of heal wounds {unknown}


   Skills:
 - Level 3.0 Fighting
 * Level 4.4 Axes
 - Level 1.7 Armour
 - Level 1.7 Dodging


You had 2 spell levels left.
You didn't know any spells.
Your spell library was empty.

Dungeon Overview and Level Annotations

Branches:
Dungeon (2/15)

Altars:


Innate Abilities, Weirdness & Mutations

You sometimes gain a little power by taking damage.


Message History

h - 2 scrolls labelled AMEUBR HOZXEOTOT (gained 1)
p - a metallic ruby potion A hobgoblin comes into view.
The hobgoblin shouts!
Found a stone staircase leading up.
An ogre comes into view. It is wielding a +0 giant club.
The hobgoblin closely misses you.
A goblin comes into view. It is wielding a +0 club.
Found a scroll labelled JISIMO PEATH.
You barely miss the hobgoblin.
The goblin shouts!
The hobgoblin closely misses you.
You barely miss the hobgoblin. The hobgoblin closely misses you.
You hit the ogre.
The ogre is lightly wounded.
You hit the hobgoblin. The ogre misses you.
The hobgoblin completely misses you.
You hit the hobgoblin.
You kill the hobgoblin!
Trog accepts your kill.
You hit the ogre. The ogre hits you with a +0 giant club!
You slash the ogre!
The ogre is heavily wounded.
The ogre completely misses you.
You barely miss the ogre.
The ogre is heavily wounded.
You hit the goblin.
You kill the goblin!
Trog accepts your kill.
You hit the ogre.
The ogre is severely wounded.
The ogre closely misses you.
You hit the ogre.
The ogre is almost dead.
The ogre barely misses you.
A red film seems to cover your vision as you go berserk!
You feel yourself moving faster!
You feel mighty!
The ogre hits you with a +0 giant club!!
Ouch! That really hurt!
You die...

#...#.....#.......#
...........†...####
.....##.#....### .
.##..##..>#.## #####.#
..##........# ......#
............# ?....#
............# .....#
†..#........#####.....#
................@)..<.#
##..........###..O....#
...#........#
###.......
........#..## .......
#####......## .......
...##.......# #####..
............# .
..........#.#
..#.####.##.#


You could see an ogre.

Vanquished Creatures
  An adder (D:2)
  A worm (D:2)
  4 giant cockroaches
  6 goblins
  8 hobgoblins
  4 jackals (D:1)
  A quokka (D:1)
  4 ball pythons
  3 bats
  2 frilled lizards
  4 kobolds
  5 rats
43 creatures vanquished.

Notes
Turn   | Place    | Note
-------+----------+-------------------------------------------
     0 | D:1      | Kinoniko the Demonspawn Berserker began the quest for the
                  | Orb.
     0 | D:1      | Reached XP level 1. HP: 18/18 MP: 1/1
    87 | D:1      | Reached skill level 3 in Axes
   182 | D:1      | Gained mutation: You sometimes gain a little power by
                  | taking damage. [demonic ancestry]
   182 | D:1      | Reached XP level 2. HP: 24/24 MP: 2/2
   647 | D:1      | Found a faded altar of an unknown god.
   899 | D:1      | Reached XP level 3. HP: 29/29 MP: 3/3
   900 | D:1      | Reached ** piety under Trog
  1115 | D:2      | Reached skill level 4 in Axes
  1623 | D:2      | Noticed an ogre
  1634 | D:2      | Mangled by an ogre

Illustrated notes

Levels and vault maps discovered:
D:1:      ncdulo_wetmaze, layout_basic, hellmonk_ecumenical_altar_dog_temple,
          minmay_octomino_e4
D:2:      layout_rooms

Skill      XL: |  1  2  3 |
---------------+----------+-----
Axes           | 3 4 |  4.4
Fighting       | |  3.0
Armour         | |  1.7
Dodging        | |  1.7

Action                   || total
-------------------------++-------
Melee: Hand axe          ||   143
Invok: Berserk           ||     3
Armor: Animal skin       ||    39
Dodge: Dodged            ||   126
